 Dungeon Crawl Stone Soup version 0.20.1-1-g8b1a95d (webtiles) character file.

43073 Gargoyl the Cleaver (level 13, -10/115 HPs)
             Began as a Minotaur Abyssal Knight on Aug 3, 2017.
             Was a High Priest of Lugonu.
             Mangled by a catoblepas (18 damage)
             ... on level 5 of the Lair of Beasts.
             The game lasted 00:35:50 (15933 turns).

Gargoyl the Cleaver (Minotaur Abyssal Knight)      Turns: 15933, Time: 00:35:52

Health: -10/115    AC: 25    Str: 19    XL:     13   Next: 88%
Magic:  5/20       EV:  9    Int:  9    God:    Lugonu [*****.]
Gold:   837        SH:  9    Dex: 13    Spells: 12/12 levels left

rFire    . . .     SeeInvis +   A - +3 war axe
rCold    + . .     Gourm    .   e - +3 buckler
rNeg     . . .     Faith    .   o - +1 plate armour
rPois    .         Spirit   .   s - +2 hat
rElec    +         Reflect  .   F - +0 cloak
rCorr    .         Harm     .   K - +1 pair of gloves
MR       .....                  (no boots)
Stlth    ..........             G - amulet of regeneration
Regen    0.7/turn               (no ring)
MPRegen  0.2/turn               j - ring of protection from cold

@: very slightly contaminated
A: retaliatory headbutt, horns 2, molten scales 1, see invisible, electricity
resistance
a: Depart the Abyss, Bend Space, Banish, Corrupt, Enter the Abyss, Renounce
Religion


You were on level 5 of the Lair of Beasts.
You worshipped Lugonu.
Lugonu was extremely pleased with you.
You were near starving.

You visited 2 branches of the dungeon, and saw 15 of its levels.
You visited the Abyss 1 time.

You collected 1287 gold pieces.
You spent 450 gold pieces at shops.

Inventory:

Hand Weapons
 a - a +3 hand axe
 A - a +3 war axe (weapon)
Missiles
 z - 4 javelins (quivered)
Armour
 e - a +3 buckler (worn)
 o - a +1 plate armour (worn)
 s - a +2 hat (worn)
 F - a +0 cloak (worn)
 K - a +1 pair of gloves (worn)
Jewellery
 j - a ring of protection from cold (right hand)
 q - an uncursed ring of fire
 G - an amulet of regeneration (around neck)
 J - an uncursed ring of ice
Wands
 r - a wand of flame (22/48)
Scrolls
 b - 2 scrolls of identify
 d - 10 scrolls of teleportation
 m - 11 scrolls of remove curse
 v - a scroll of fear
 x - a scroll of fog
 R - 2 scrolls of blinking
 Y - 2 scrolls of enchant armour
Potions
 h - 4 potions of agility
 l - 5 potions of curing
 n - 2 potions of haste
 t - a potion of brilliance
 u - 2 potions of flight
 w - 2 potions of invisibility
 B - a potion of degeneration {unknown}
 D - 2 potions of resistance
 E - a potion of might
 I - 2 potions of cancellation
 S - a potion of berserk rage {unknown}
Comestibles
 c - 6 bread rations
 f - 11 royal jellies
 g - 6 meat rations
 i - 7 chunks of flesh
 p - 11 fruits


   Skills:
 + Level 10.9 Fighting
 + Level 14.7 Axes
 + Level 2.7 Throwing
 * Level 14.1 Armour
 + Level 4.6 Dodging
 + Level 9.4 Shields
 * Level 10.6 Invocations
 + Level 2.2 Evocations


You had 12 spell levels left.
You didn't know any spells.

Dungeon Overview and Level Annotations

Branches:
Dungeon (9/15)             Temple (0/1) D:6            Lair (6/6) D:9
 Shoals (0/4) Lair:4        Snake (0/4) Lair:4
  Slime: Lair:5-6       Orc: D:9-12

Altars:
Gozag
Hepliaklqana
Makhleb
Ru
Trog
Uskayaw
Xom
Yredelemnul
The Shining One

Shops:
D:8 =   D:9 [


Innate Abilities, Weirdness & Mutations

You reflexively headbutt those who attack you in melee.
You have a pair of horns on your head.
You are partially covered in molten scales. (AC +2)
You have supernaturally acute eyesight. (SInv)
You are resistant to electric shocks. (rElec)


Message History

You feel better. The crocodile closely misses you.
The catoblepas completely misses you.
Press: ? - help, Shift-Dir - straight line, f/p - catoblepas
Aim: a catoblepas (moderately wounded, chance to defeat MR: 25%)
The catoblepas resists with almost no effort.
You are near starving!
The crocodile bites you but does no damage.
The catoblepas breathes a plume of calcifying dust at you.
The blast of calcifying dust hits you! The catoblepas gores you!
* * * LOW HITPOINT WARNING * * *
Press: ? - help, Shift-Dir - straight line, f/p - catoblepas
Aim: a catoblepas (moderately wounded, chance to defeat MR: 25%)
The catoblepas resists with almost no effort.
You feel somewhat more hungry.
The crocodile is engulfed in calcifying dust.
The crocodile is moving more slowly.
The crocodile bites you!
* * * LOW HITPOINT WARNING * * *
The catoblepas gores you!!
You die...

############ ##...#..##.#
)..#...###.## ##.....##...#
...#..###.### ###### ###
#.....##..#.###Y##.#####.#
....#.##...##..t@.......##
.#.##......###.§÷.>†.....##
...##.#...#.#..§...†....#.#
.###.......###.§.......<.##
###........###.§........##
##........###..§.........#
...........##...........P#
...........###..........##
.....##.#..###..........#


You could see a catoblepas and a crocodile (petrifying).

Vanquished Creatures
  Rupert (Lair:5)
  Gastronok (Lair:1)
  Harold (Lair:3)
  A catoblepas (Lair:5)
  2 death yaks (Lair:5)
  A wizard (D:9)
  An elephant (Lair:5)
  4 black mambas
  4 spiny frogs
  7 rime drakes
  A komodo dragon (Lair:1)
  2 trolls (D:9)
  A polar bear (Lair:3)
  2 meliai (Lair:5)
  14 blink frogs
  15 hippogriffs
  A slime creature (Lair:3)
  5 large abominations (D:9)
  5 yaks
  6 wyverns
  Eustachio (D:5)
  6 basilisks
  Menkaure (D:4)
  2 nagas (Lair:4)
  13 water moccasins
  2 hell hounds (D:9)
  8 porcupines
  2 orc warriors
  An ice beast (D:7)
  4 sky beasts
  A necrophage (D:4)
  3 ogres
  4 phantoms
  7 centaurs
  15 wolves
  7 small abominations (D:9)
  7 crocodiles
  A big kobold (D:7)
  13 bullfrogs
  A water moccasin zombie (D:8)
  A wyvern zombie (D:9)
  2 wyvern skeletons
  2 scorpions
  31 killer bees (Lair:5)
  5 wights (D:9)
  An electric eel (Lair:3)
  A howler monkey (D:5)
  9 crimson imps
  3 centaur skeletons
  6 hounds
  5 jellies
  2 bullfrog skeletons (D:6)
  2 gnoll shamans
  4 orc wizards
  A hell rat (Lair:5)
  5 worker ants
  Ijyb (D:5)
  4 iguanas
  A hound zombie (D:6)
  A howler monkey zombie (D:5)
  8 gnolls
  A river rat (Lair:5)
  7 adders
  2 shadow imps
  16 oozes
  2 worms
  6 leopard geckos
  19 orcs
  5 giant cockroaches
  6 goblins
  6 hobgoblins
  4 jackals (D:7)
  10 kobolds
  3 quokkas
  2 ball pythons
  A ball python skeleton (D:5)
  6 bats
  4 frilled lizards
  A quokka zombie (D:7)
  8 rats
  2 fungi
380 creatures vanquished.

Vanquished Creatures (collateral kills)
  3 yaks (Lair:5)
3 creatures vanquished.

Vanquished Creatures (others)
  5 hydras
  A meliai (Lair:5)
  A centaur (D:7)
  A howler monkey (D:7)
  A worker ant (D:7)
  A gnoll (D:7)
  An orc (D:7)
  11 fungi
  4 plants
  5 toadstools (D:1)
31 creatures vanquished.

Grand Total: 414 creatures vanquished

Notes
Turn   | Place    | Note
-------+----------+-------------------------------------------
     0 | Abyss:1  | Gargoyl the Minotaur Abyssal Knight began the quest for the Orb.
     0 | Abyss:1  | Reached XP level 1. HP: 19/19 MP: 1/1
    31 | Abyss:1  | Found a corrupted altar of Lugonu.
    57 | Abyss:2  | Found a corrupted altar of Lugonu.
    79 | Abyss:2  | Noticed a starcursed mass
    86 | Abyss:2  | Noticed a large abomination
    86 | D:1      | Escaped the Abyss
   184 | D:1      | Reached * piety under Lugonu
   517 | D:1      | Reached XP level 2. HP: 27/27 MP: 2/2
  1138 | D:2      | Reached XP level 3. HP: 33/33 MP: 3/3
  1273 | D:2      | Found a glowing golden altar of the Shining One.
  2098 | D:3      | Reached XP level 4. HP: 40/40 MP: 4/4
  2421 | D:3      | Reached ** piety under Lugonu
  2513 | D:4      | Noticed Menkaure
  2521 | D:4      | Killed Menkaure
  2521 | D:4      | Reached XP level 5. HP: 21/47 MP: 5/5
  2773 | D:4      | Noticed a necrophage
  2783 | D:4      | Killed a necrophage
  2783 | D:4      | Reached XP level 6. HP: 42/52 MP: 7/7
  2993 | D:4      | Reached skill level 5 in Axes
  2993 | D:4      | Reached skill level 5 in Armour
  3229 | D:4      | Reached skill level 1 in Shields
  3448 | D:5      | Entered Level 5 of the Dungeon
  3458 | D:5      | Reached XP level 7. HP: 53/59 MP: 8/8
  3462 | D:5      | Reached skill level 5 in Fighting
  3998 | D:5      | Noticed Ijyb
  4011 | D:5      | Killed Ijyb
  4302 | D:5      | Noticed Eustachio
  4321 | D:5      | Killed Eustachio
  4321 | D:5      | Reached XP level 8. HP: 67/67 MP: 10/10
  4576 | D:6      | Found an opulent altar of Gozag.
  4585 | D:6      | Reached *** piety under Lugonu
  5076 | D:6      | Found a hide-covered altar of Uskayaw.
  5079 | D:6      | Found a basalt altar of Yredelemnul.
  5101 | D:6      | Found a staircase to the Ecumenical Temple.
  5243 | D:6      | Reached skill level 5 in Invocations
  5347 | D:7      | Gained mutation: Your muscles are strong. (Str +2) [potion of mutation]
  5347 | D:7      | Gained mutation: Your spells are a little easier to cast, but a little less powerful. [potion of mutation]
  5347 | D:7      | Gained mutation: You have a pair of large horns on your head. [potion of mutation]
  5416 | D:7      | Reached XP level 9. HP: 31/75 MP: 10/12
  5663 | D:7      | Got an ancient ring mail
  5674 | D:7      | Identified the +3 ring mail of Quantum Leap {rPois rF+ rN+++ Dex-5} (You found it on level 7 of the Dungeon)
  5797 | D:7      | Found a sacrificial altar of Ru.
  5816 | D:7      | Lost mutation: You have a pair of large horns on your head. [potion of mutation]
  5816 | D:7      | Lost mutation: Your spells are a little easier to cast, but a little less powerful. [potion of mutation]
  5816 | D:7      | Lost mutation: Your muscles are strong. (Str +2) [potion of mutation]
  5816 | D:7      | Gained mutation: You are clumsy. (Dex -2) [potion of mutation]
  5816 | D:7      | Gained mutation: You are very clumsy. (Dex -4) [potion of mutation]
  5816 | D:7      | Gained mutation: Your magical capacity is low. (-10% MP) [potion of mutation]
  5816 | D:7      | Gained mutation: You are robust. (+10% HP) [potion of mutation]
  5817 | D:7      | Lost mutation: You are very clumsy. (Dex -4) [potion of mutation]
  5817 | D:7      | Lost mutation: Your magical capacity is low. (-10% MP) [potion of mutation]
  5817 | D:7      | Lost mutation: You are clumsy. (Dex -2) [potion of mutation]
  5817 | D:7      | Gained mutation: You are partially covered in molten scales. (AC +2) [potion of mutation]
  5817 | D:7      | Gained mutation: You are resistant to electric shocks. (rElec) [potion of mutation]
  5817 | D:7      | Lost mutation: You are robust. (+10% HP) [potion of mutation]
  5817 | D:7      | Gained mutation: You have supernaturally acute eyesight. (SInv) [potion of mutation]
  5828 | D:7      | Found a shimmering altar of Xom.
  5907 | D:7      | Reached **** piety under Lugonu
  6784 | D:8      | Found a bloodstained altar of Trog.
  6807 | D:8      | Found a burning altar of Makhleb.
  7110 | D:8      | Found Xied's Jewellery Shoppe.
  7119 | D:8      | Bought an uncursed amulet of regeneration for 450 gold pieces
  7696 | D:9      | Noticed a wizard
  7702 | D:9      | Killed a wizard
  7702 | D:9      | Reached XP level 10. HP: 84/86 MP: 13/13
  7710 | D:9      | Noticed a large abomination
  7977 | D:9      | Reached skill level 10 in Axes
  8145 | D:9      | Reached skill level 10 in Armour
  8145 | D:9      | Reached skill level 5 in Shields
  8200 | D:9      | Found Kethrual's Armour Shoppe.
  8312 | D:9      | Found a staircase to the Lair.
  8444 | D:9      | Killed a large abomination
  8694 | D:9      | Found a hazy altar of Hepliaklqana.
  9433 | Lair:1   | Entered Level 1 of the Lair of Beasts
  9434 | Lair:1   | Noticed a spiny frog
  9448 | Lair:1   | Killed a spiny frog
  9623 | Lair:1   | Noticed a spiny frog
  9637 | Lair:1   | Killed a spiny frog
  9637 | Lair:1   | Reached XP level 11. HP: 84/94 MP: 15/15
  9766 | Lair:1   | Reached XP level 12. HP: 104/104 MP: 15/17
  9784 | Lair:1   | Noticed Gastronok
  9807 | Lair:1   | Killed Gastronok
 10275 | Lair:1   | Reached ***** piety under Lugonu
 10355 | Lair:1   | Found a shimmering altar of Xom.
 11414 | Lair:3   | Noticed Harold
 11430 | Lair:3   | Killed Harold
 11854 | Lair:3   | Noticed a six-headed hydra
 11855 | Lair:3   | Banished a six-headed hydra
 12597 | Lair:4   | Found a staircase to the Shoals.
 12839 | Lair:4   | Found a staircase to the Snake Pit.
 12858 | Lair:4   | Reached skill level 10 in Fighting
 12926 | Lair:4   | Noticed an eight-headed hydra
 12928 | Lair:4   | Banished an eight-headed hydra
 12928 | Lair:4   | Reached XP level 13. HP: 113/113 MP: 14/19
 13563 | Lair:4   | Reached skill level 10 in Invocations
 13971 | Lair:5   | Noticed Rupert
 14030 | Lair:5   | Paralysed by Rupert for 3 turns
 14034 | Lair:5   | Killed Rupert
 14575 | Lair:5   | Got an ichor-stained plate armour
 14586 | Lair:5   | Identified the +0 plate armour of the Vacuum {rF- rC+ Dex+4} (You took it off a meliai on level 5 of the Lair of Beasts)
 15690 | Lair:6   | Entered Level 6 of the Lair of Beasts
 15925 | Lair:5   | HP: 2/115 [catoblepas (22)]
 15933 | Lair:5   | Mangled by a catoblepas

Skill      XL: |  1  2  3  4  5  6  7  8  9 10 11 12 13 |
---------------+----------------------------------------+-----
Fighting       | 4 5 7 8 9 10 | 10.9
Invocations    | 2 3 4 5 6 7 8 9 10 | 10.6
Armour         | 3 4 5 6 7 9 11 12 13 14 | 14.1
Axes           | 3 4 5 6 8 9 11 13 14 | 14.7
Dodging        | 2 3 4 |  4.6
Shields        | 1 2 3 4 5 6 8 9 |  9.4
Throwing       | 2 |  2.7
Evocations     | 2 |  2.2

Action                   |  1- 3 |  4- 6 |  7- 9 | 10-12 | 13-15 || total
-------------------------+-------+-------+-------+-------+-------++-------
Melee: Hand axe          |   103 |    91 |   305 |       |       ||   499
       Headbutt          |    11 |    16 |    79 |   115 |    91 ||   312
       War axe           |       |       |   107 |   538 |   463 ||  1108
Throw: Javelin           |       |       |     4 |       |     3 ||     7
Invok: Depart the Abyss  |     1 |       |       |       |       ||     1
       Banish            |       |       |       |     3 |    13 ||    16
  Use: Scroll            |    11 |     1 |     5 |    15 |     8 ||    40
       Potion            |       |     1 |     6 |     2 |     6 ||    15
 Stab: Sleeping          |       |     1 |       |       |       ||     1
  Eat: Chunk             |     3 |     4 |    15 |    10 |    11 ||    43
       Bread ration      |       |       |       |     1 |       ||     1
       Meat ration       |       |       |       |     1 |       ||     1
Armor: Leather armour    |    18 |       |       |       |       ||    18
       Ring mail         |    21 |    31 |     4 |       |       ||    56
       Plate armour      |       |       |   156 |   357 |   474 ||   987
       Chain mail        |       |       |    13 |       |       ||    13
Dodge: Dodged            |    38 |    50 |   103 |   197 |   244 ||   632
Block: Buckler           |    16 |    16 |   126 |   250 |   292 ||   700
